 Dungeon Crawl Stone Soup version 0.31-a0-233-g139696dc86 (webtiles) character file.

Game seed: 15063243208609238316

72 qw the Shooter (level 4, -5/36 HPs)
             Began as a Minotaur Hexslinger on July 9, 2023.
             Succumbed to Sigmund's poison
             ... on level 3 of the Dungeon.
             The game lasted 00:00:38 (1493 turns).

qw the Shooter (Minotaur Hexslinger)                Turns: 1493, Time: 00:00:38

Health: -5/36      AC:  5    Str: 13    XL:     4   Next: 6%
Magic:  1/4        EV: 16    Int: 10    God:
Gold:   72         SH:  0    Dex: 14    Spells: 4/5 levels left

rFire   . . .        Y - +1 sling
rCold   . . .        (no shield)
rNeg    . . .        i - +0 ring mail
rPois   .            (helmet restricted)
rElec   .            (no cloak)
rCorr   .            (no gloves)
SInv    .            (no boots)
Will    .....        f - amulet of guardian spirit
Stlth   +            e - +5 ring of evasion
HPRegen 0.26/turn    (no ring)
MPRegen 0.09/turn

%: guardian spirit
@: lethally poisoned (-5 -> -38)
A: horns 2, retaliatory headbutt
a: no special abilities


You were on level 3 of the Dungeon.
You visited 1 branch of the dungeon, and saw 3 of its levels.

You collected 72 gold pieces.


Innate Abilities, Weirdness & Mutations

You have a pair of horns on your head.
You reflexively headbutt those who attack you in melee.


   Skills:
 - Level 2.0 Fighting
 + Level 4.4 Ranged Weapons
 - Level 1.0 Armour
 - Level 2.1 Dodging
 - Level 1.0 Spellcasting
 - Level 2.0 Hexes


You had 4 spell levels left.
You knew the following spells:

 Your Spells              Type           Power      Damage    Failure   Level
a - Slow                  Hex            16%        N/A       32%         1

Your spell library contained the following spells:

 Spells                   Type           Power      Damage    Failure   Level
 Inner Flame              Hex/Fire       2%         N/A       82%         3
 Portal Projectile        Hex/Tloc       4%         N/A       82%         3
 Cause Fear               Hex            2%         N/A       97%         4

Inventory:

Hand Weapons
 Y - a +1 sling (weapon)
Armour
 i - a +0 ring mail (worn)
Jewellery
 e - a +5 ring of evasion (left hand)
 f - an amulet of guardian spirit (around neck)
Potions
 b - a potion of curing {unknown}
 d - a potion of invisibility {unknown}
 g - a potion of lignification {unknown}

Dungeon Overview and Level Annotations

Branches:
Dungeon (3/15)

Altars:
Sif Muna

Annotations:
D:3 Sigmund


Message History

Sigmund is lightly wounded.
The giant cockroach bites you.
Sigmund hits you from afar with a +2 scythe of venom!
You shoot a sling bullet.
The sling bullet closely misses the giant cockroach.
The giant cockroach misses you. You furiously retaliate!
You headbutt the giant cockroach.
The giant cockroach bites you but does no damage.
Sigmund gestures wildly while chanting.
Sigmund flickers and vanishes!
Deactivating autopickup; reactivate with Ctrl-A.
You shoot a sling bullet.
The sling bullet barely misses the giant cockroach.
The giant cockroach barely misses you.
A magic dart appears from out of thin air!
The magic dart hits you but does no damage.
You shoot a sling bullet.
The sling bullet closely misses the giant cockroach.
The giant cockroach barely misses you. Something barely misses you.
The giant cockroach misses you.
You shoot a sling bullet.
The sling bullet barely misses the giant cockroach.
The giant cockroach misses you. Something closely misses you.
The giant cockroach completely misses you.
You furiously retaliate!
You headbutt the giant cockroach.
You kill the giant cockroach!
You shoot a sling bullet. Something barely misses you.
You shoot a sling bullet. Something barely misses you.
You shoot a sling bullet. You shoot a sling bullet. Something hits you!
You are lethally poisoned!
You shoot a sling bullet.
You feel extremely sick. Something hits you!
You are more poisoned.
You shoot a sling bullet.
You die...

## .. ##.# #
#..{## .#
###.#.#.##..#
..(....@....#
.##.#?#<#.....!
#...## ..###
##.# .# #. # .
##


There were no monsters in sight!

Vanquished Creatures
  2 adders (D:2)
  A worm (D:2)
  2 dart slugs
  7 ball pythons
  2 endoplasms
  4 giant cockroaches
  4 goblins (D:1)
  5 hobgoblins
  5 quokkas
  3 bats
  2 frilled lizards (D:1)
  3 kobolds
  6 rats
46 creatures vanquished.

Notes
Turn   | Place    | Note
-------+----------+-------------------------------------------
     0 | D:1      | qw the Minotaur Hexslinger began the quest for the Orb.
     0 | D:1      | Reached XP level 1. HP: 16/16 MP: 1/1
     0 | D:1      | 0 ||| qw: Version: 0.3-a-51-g015441d
     0 | D:1      | 0 ||| qw: Game counter: 3829
     0 | D:1      | 0 ||| qw: Melee chars always use a shield: true
     0 | D:1      | 0 ||| qw: God list: Okawaru
     0 | D:1      | 0 ||| qw: Allow faded altars: false
     0 | D:1      | 0 ||| qw: Do Orc after clearing Dungeon:15 true
     0 | D:1      | 0 ||| qw: Do second Lair branch before Depths: true
     0 | D:1      | 0 ||| qw: Lair rune preference: random
     0 | D:1      | 0 ||| qw: Goals: Normal
     0 | D:1      | 0 ||| PLANNING D:1-11
   114 | D:1      | Reached skill level 3 in Ranged Weapons
   114 | D:1      | Reached XP level 2. HP: 16/23 MP: 2/2
   115 | D:1      | 115 ||| FLEEEEING.
   731 | D:1      | 731 ||| UPGRADING to +0 leather armour.
   741 | D:1      | 741 ||| DROPPING +0 robe.
   742 | D:1      | 742 ||| UPGRADING to +0 ring mail.
   752 | D:1      | 752 ||| DROPPING +0 leather armour.
   753 | D:1      | 753 ||| UPGRADING to amulet of guardian spirit.
   758 | D:1      | 758 ||| UPGRADING to +5 ring of evasion.
   759 | D:1      | 759 ||| READING scroll labelled HUOFIG WEV.
   760 | D:1      | 760 ||| READING scroll labelled XITIYM WOMA.
   761 | D:1      | 761 ||| READING scroll labelled REKUNOMOHOA.
   762 | D:1      | 762 ||| DROPPING scroll of poison.
   824 | D:2      | Reached XP level 3. HP: 29/29 MP: 3/3
   865 | D:2      | Reached skill level 4 in Ranged Weapons
   961 | D:2      | Found a shimmering blue altar of Sif Muna.
  1041 | D:2      | Reached skill level 1 in Armour
  1183 | D:2      | Reached XP level 4. HP: 28/36 MP: 2/4
  1452 | D:2      | 1452 ||| READING 2 scrolls labelled WIUSTASTIH.
  1453 | D:2      | 1453 ||| READING scroll labelled UVASIOV BADA.
  1457 | D:2      | 1457 ||| DROPPING scroll of noise.
  1479 | D:3      | Noticed Sigmund
  1492 | D:3      | HP: 5/36 [something (7)]
  1493 | D:3      | Succumbed to Sigmund's poison

Levels and vault maps discovered:
D:1:      ncdulo_smallfort, layout_loops_ring, nicolae_twisty_statue_hallways
D:2:      layout_basic, basic_altar
D:3:      layout_loops_ring, grunt_temple_overflow_forces_of_nature,
          nicolae_ecumenical_oubliette, uniq_terence, uniq_sigmund

Skill      XL: |  1  2  3 |
---------------+----------+-----
Ranged Weapons | 3 4 |  4.4
Fighting       | 2 |  2.0
Armour         | 1 |  1.0
Dodging        | |  2.1
Spellcasting   | |  1.0
Hexes          | |  2.0

Action                     |  1- 3 |  4- 6 || total
---------------------------+-------+-------++-------
   Fire: Sling             |   128 |    18 ||   146
    Use: Scroll            |     3 |     2 ||     5
 Armour: Robe              |     6 |       ||     6
         Ring mail         |     7 |     3 ||    10
  Dodge: Dodged            |    55 |    12 ||    67

Table legend:
 A = Non-vault XP
 B = Vault XP
 C = Vault XP percentage of total XP
 D = Non-vault monster count
 E = Vault monster count
 F = Vault count percentage of total count
                 A         B        C        D         E       F
            +---------+---------+-------+---------+---------+-------
      Total |     103 |       0 |   0.0 |      46 |       0 |   0.0
            +---------+---------+-------+---------+---------+-------
        D:1 |      36 |       0 |   0.0 |      23 |       0 |   0.0
        D:2 |      65 |       0 |   0.0 |      22 |       0 |   0.0
        D:3 |       2 |       0 |   0.0 |       1 |       0 |   0.0
            +---------+---------+-------+---------+---------+-------
